 Dungeon Crawl Stone Soup version 0.31-a0-1370-gf52a5a9ab3 (console) character file.

Game seed: 6936408178846043595

5866 jejorda2 the Fighter (level 10, -6/85 HPs)
             Began as a Gnoll Berserker on Dec 23, 2023.
             Was an Elder of Trog.
             Killed from afar by an acid dragon (13 damage)
             ... with a splash of acid
             ... on level 8 of the Dungeon.
             The game lasted 00:18:13 (6959 turns).

jejorda2 the Fighter (Gnoll Berserker)              Turns: 6959, Time: 00:18:15

Health: -6/85      AC: 12    Str: 21    XL:     10   Next: 81%
Magic:  1/18       EV:  9    Int:  6    God:    Trog [****..]
Gold:   413        SH:  6    Dex: 18    Spells: 20/20 levels left

rFire   . . .        a - +1 war axe
rCold   . . .        h - +0 buckler
rNeg    + . .        s - +0 plate armour
rPois   .            g - +0 helmet
rElec   .            r - +0 cloak
rCorr   .            e - +3 Mad Mage's Maulers {Infuse+∞ VampMP -Cast}
SInv    .            (no boots)
Will    ++...        u - amulet of faith Stlth
                     m - +6 ring of dexterity
HPRegen 1.34/turn    q - ring of positive energy
MPRegen 0.16/turn

%: no spellcasting, faith, infuse magic (1 MP)
@: strong-willed, corroded, on berserk cooldown, regenerating, studying
Fighting, invisible
A: fangs 1, strong nose, distributed training
a: Renounce Religion, Berserk, Trog's Hand, Brothers in Arms


You were on level 8 of the Dungeon.
You worshipped Trog.
Trog was greatly pleased with you.
You visited 1 branch of the dungeon, and saw 8 of its levels.

You collected 413 gold pieces.

Inventory:

Hand Weapons
 a - a +1 war axe (weapon)
 b - a +0 morningstar
Missiles
 d - 12 poisoned darts
 o - 5 javelins
 x - a curare-tipped dart
Armour
 e - the +3 Mad Mage's Maulers (worn) {Infuse+∞ VampMP -Cast}
   (You acquired it on level 7 of the Dungeon)

   Infuse+∞: It empowers its wearer's blows with all of their magic.
   VampMP:    Blows struck in melee replenish the wearer's magic.
   -Cast:     It prevents spellcasting.
 g - a +0 helmet (worn)
 h - a +0 buckler (worn)
 r - a +0 cloak (worn)
 s - a +0 plate armour (worn)
Jewellery
 m - a +6 ring of dexterity (left hand)
 q - a ring of positive energy (right hand)
 u - an amulet of faith (around neck)
Wands
 k - a wand of charming (7)
 t - a wand of polymorph (6)
 w - a wand of flame (16)
Scrolls
 c - 4 scrolls of identify
 i - a scroll of enchant weapon
 n - a scroll of immolation
 v - 2 scrolls of fear
Potions
 f - a potion of attraction
 j - 4 potions of curing
 l - a potion of invisibility


   Skills:
 + Level 9.8 Fighting
 + Level 5.8 Short Blades
 + Level 5.8 Long Blades
 + Level 8.9 Axes
 + Level 5.8 Maces & Flails
 + Level 5.8 Polearms
 + Level 5.8 Staves
 + Level 5.8 Ranged Weapons
 + Level 5.8 Throwing
 + Level 7.5 Armour
 + Level 7.5 Dodging
 + Level 5.8 Stealth
 + Level 5.8 Shields
 + Level 5.8 Unarmed Combat
 + Level 5.8 Spellcasting
 + Level 4.8 Conjurations
 + Level 4.8 Hexes
 + Level 4.8 Summonings
 + Level 4.8 Necromancy
 + Level 4.8 Translocations
 + Level 4.8 Fire Magic
 + Level 4.8 Ice Magic
 + Level 4.8 Air Magic
 + Level 4.8 Earth Magic
 + Level 4.8 Alchemy
 + Level 6.4 Invocations
 + Level 5.8 Evocations
 + Level 5.3 Shapeshifting


You had 20 spell levels left.
You didn't know any spells.
Your spell library was empty.

Dungeon Overview and Level Annotations

Branches:
Dungeon (8/15)             Temple (0/1) D:7
   Lair: D:8-11

Altars:
Elyvilon
Nemelex Xobeh
Okawaru
Uskayaw
Yredelemnul
The Shining One


Innate Abilities, Weirdness & Mutations

You have very sharp teeth.
Your uncanny sense of smell can sniff out nearby items.
Your experience applies equally to all skills.


Message History

* * * LOW HITPOINT WARNING * * *
The acid dragon claws you but does no damage.
Unknown command.
Your skin crawls.
You feel strong-willed. The acid dragon spits acid at you.
The splash of acid hits you!
* * * LOW HITPOINT WARNING * * *
Unknown command.
You catch the helpless acid dragon completely off-guard!
You hit the acid dragon. Your bite misses the acid dragon.
The acid dragon is heavily wounded.
The acid dragon spits acid at you. The splash of acid misses you.
You strike the helpless acid dragon from behind!
You hit the acid dragon.
The acid dragon is heavily wounded.
You slash the howler monkey! Your bite misses the howler monkey.
The howler monkey is heavily wounded.
The howler monkey barely misses you.
You slash the howler monkey!
You kill the howler monkey!
Trog accepts your kill.
You barely miss the acid dragon.
The acid dragon is heavily wounded.
The acid dragon bites you but does no damage.
The acid dragon misses you.
You hit the acid dragon but do no damage.
You bite the acid dragon, but do no damage.
The acid dragon is heavily wounded.
The acid dragon bites you!
* * * LOW HITPOINT WARNING * * *
The acid dragon completely misses you.
You catch the helpless acid dragon completely off-guard!
You slash the acid dragon!
You bite the acid dragon, but do no damage.
The acid dragon is almost dead.
The acid dragon spits acid at you. The splash of acid hits you!
You die...

# #..#.#.#..##.......#
#.#...#.)...##.........
#.....#..)).#..........
#..#######))#...._._...
##....#..))...)...8....
##...#.###.#...D_._...
####...#)##..#.........)
#..>.....D...##.........
#.##..##@#.#..##.......#
#. #.#.##..##.....## #
#.#.# #. ##.### #......#
C ∆.. #.#..#.# ...##.#
#..# #.# #.. #.# #. #.#


You could see an acid dragon (unable to see you, catching breath).

Vanquished Creatures
  A centaur warrior (D:8)
  A manticore (D:8)
  A cyclops (D:8)
  A meliai (D:8)
  The ghost of LeprechaunX the Changeling, an amateur OpSh of Ashenzari (D:4)
  A wyvern (D:7)
  Eustachio (D:5)
  A steam dragon (D:6)
  2 vampire mosquitoes (D:8)
  2 orc warriors
  A sky beast (D:6)
  3 ice beasts
  2 ogres (D:5)
  6 centaurs
  A phantom (D:7)
  3 kobold brigands
  A gnoll sergeant (D:7)
  3 scorpions
  4 bullfrogs
  A wight (D:8)
  7 killer bees
  5 howler monkeys (D:8)
  6 hounds
  3 quasits (D:4)
  A jelly (D:5)
  3 orc priests
  2 sleepcaps (D:5)
  3 iguanas (D:5)
  7 orc wizards
  Robin (D:3)
  7 gnolls
  8 adders
  2 bombardier beetles
  2 shadow imps
  2 ufetubi (D:7)
  2 worms
  A dart slug (D:2)
  23 orcs
  3 endoplasms
  2 giant cockroaches
  18 goblins
  13 hobgoblins
  8 jackals (D:2)
  A quokka (D:5)
  7 ball pythons
  8 bats
  A frilled lizard (D:1)
  16 kobolds
  6 rats
205 creatures vanquished.

Vanquished Creatures (collateral kills)
  A killer bee (D:8)
1 creature vanquished.

Vanquished Creatures (others)
  An orc (D:6)
1 creature vanquished.

Grand Total: 207 creatures vanquished

Notes
Turn   | Place    | Note
-------+----------+-------------------------------------------
     0 | D:1      | jejorda2 the Gnoll Berserker began the quest for the Orb.
     0 | D:1      | Reached XP level 1. HP: 23/23 MP: 1/1
   171 | D:1      | Found a faded altar of an unknown god.
   298 | D:1      | Reached XP level 2. HP: 27/29 MP: 2/2
   654 | D:2      | Reached ** piety under Trog
   714 | D:2      | Reached XP level 3. HP: 32/35 MP: 3/3
   743 | D:2      | Reached skill level 1 in Invocations
   746 | D:2      | Reached skill level 1 in Short Blades
   746 | D:2      | Reached skill level 1 in Long Blades
   746 | D:2      | Reached skill level 1 in Maces & Flails
   746 | D:2      | Reached skill level 1 in Polearms
   746 | D:2      | Reached skill level 1 in Staves
   746 | D:2      | Reached skill level 1 in Ranged Weapons
   746 | D:2      | Reached skill level 1 in Throwing
   746 | D:2      | Reached skill level 1 in Stealth
   746 | D:2      | Reached skill level 1 in Shields
   746 | D:2      | Reached skill level 1 in Unarmed Combat
   746 | D:2      | Reached skill level 1 in Spellcasting
   746 | D:2      | Reached skill level 1 in Evocations
   751 | D:2      | Reached skill level 1 in Shapeshifting
   751 | D:2      | Reached XP level 4. HP: 41/41 MP: 3/5
   914 | D:2      | Reached skill level 1 in Conjurations
   914 | D:2      | Reached skill level 1 in Hexes
   914 | D:2      | Reached skill level 1 in Summonings
   914 | D:2      | Reached skill level 1 in Necromancy
   914 | D:2      | Reached skill level 1 in Translocations
   914 | D:2      | Reached skill level 1 in Fire Magic
   914 | D:2      | Reached skill level 1 in Ice Magic
   914 | D:2      | Reached skill level 1 in Air Magic
   914 | D:2      | Reached skill level 1 in Earth Magic
   914 | D:2      | Reached skill level 1 in Alchemy
  1413 | D:3      | Found a glowing golden altar of the Shining One.
  1527 | D:3      | Reached XP level 5. HP: 47/47 MP: 7/7
  1732 | D:3      | Noticed Robin
  1739 | D:3      | Reached *** piety under Trog
  1758 | D:3      | Killed Robin
  2110 | D:4      | Reached skill level 5 in Armour
  2110 | D:4      | Reached skill level 5 in Dodging
  2110 | D:4      | Reached XP level 6. HP: 53/53 MP: 8/8
  2282 | D:4      | Found a sparkling altar of Nemelex Xobeh.
  2695 | D:4      | Noticed LeprechaunX's ghost (amateur OpSh)
  2706 | D:4      | Found a transporter.
  2728 | D:4      | Found a transporter.
  2972 | D:5      | Entered Level 5 of the Dungeon
  3139 | D:5      | HP: 2/79 [orc priest/nerve-wracking pain (2)]
  3140 | D:5      | Reached skill level 7 in Fighting
  3140 | D:5      | Reached XP level 7. HP: 2/60 MP: 10/10
  3660 | D:5      | Identified the +5 leather armour "Xaucysoe" {*Slow rCorr
                  | Dex+5}
  3660 | D:5      | Noticed Eustachio
  3671 | D:5      | Killed Eustachio
  3672 | D:5      | Reached XP level 8. HP: 67/67 MP: 12/12
  4049 | D:4      | Killed LeprechaunX's ghost
  4365 | D:6      | Reached **** piety under Trog
  4366 | D:6      | Reached XP level 9. HP: 67/73 MP: 14/14
  4803 | D:7      | Identified 2 scrolls of acquirement
  4803 | D:7      | Acquired a manual of Fighting
  4805 | D:7      | Acquired the +3 Mad Mage's Maulers {Infuse+∞ VampMP -Cast}
  4805 | D:7      | Found the +3 Mad Mage's Maulers {Infuse+∞ VampMP -Cast}
  5007 | D:7      | Reached skill level 8 in Fighting
  5392 | D:7      | Found a staircase to the Ecumenical Temple.
  5697 | D:7      | Reached skill level 5 in Invocations
  6705 | D:8      | Noticed a meliai
  6708 | D:8      | Found an iron altar of Okawaru.
  6711 | D:8      | Reached skill level 5 in Short Blades
  6711 | D:8      | Reached skill level 5 in Long Blades
  6711 | D:8      | Reached skill level 5 in Maces & Flails
  6711 | D:8      | Reached skill level 5 in Polearms
  6711 | D:8      | Reached skill level 5 in Staves
  6711 | D:8      | Reached skill level 5 in Ranged Weapons
  6711 | D:8      | Reached skill level 5 in Throwing
  6711 | D:8      | Reached skill level 5 in Stealth
  6711 | D:8      | Reached skill level 5 in Shields
  6711 | D:8      | Reached skill level 5 in Unarmed Combat
  6711 | D:8      | Reached skill level 5 in Spellcasting
  6711 | D:8      | Reached skill level 5 in Evocations
  6711 | D:8      | Reached XP level 10. HP: 82/82 MP: 2/17
  6716 | D:8      | Reached skill level 9 in Fighting
  6755 | D:8      | Noticed a centaur warrior
  6772 | D:8      | Killed a centaur warrior
  6773 | D:8      | Reached skill level 5 in Shapeshifting
  6773 | D:8      | Found a hide-covered altar of Uskayaw.
  6786 | D:8      | Noticed a manticore
  6793 | D:8      | HP: 4/83 [manticore (3)]
  6817 | D:8      | Killed a manticore
  6903 | D:8      | Found a white marble altar of Elyvilon.
  6903 | D:8      | Found a basalt altar of Yredelemnul.
  6912 | D:8      | Noticed a cyclops
  6930 | D:8      | Killed a cyclops
  6959 | D:8      | Killed from afar by an acid dragon

Illustrated notes

Levels and vault maps discovered:
D:1:      mushboom_english_gardens, layout_basic,
          hellmonk_ecumenical_altar_inner_sanctum
D:2:      layout_rooms
D:3:      layout_rooms, mainiacjoe_overflow_six_doors_small, st_stairs_5,
          guppyfry_early_orc_mine, uniq_robin
D:4:      layout_layer_cave, old_standard_altar, gammafunk_ghost_stat_death
D:5:      layout_rooms, serial_park_tiny_2, st_stairs_14,
          hangedman_abyss_or_decor_stagger, grunt_ministairs_10, uniq_eustachio
D:6:      layout_rooms
D:7:      layout_loops_ring, minmay_temple_entry_purple_smoke, billiards_dpeg
D:8:      minmay_the_grid_octo_tiled_octocenter [minmay_the_grid_octo_pinwheel,
          minmay_the_grid_octo_focus, minmay_the_grid_octo_shrine,
          minmay_the_grid_octo_checkered, minmay_the_grid_octo_prize_star,
          minmay_the_grid_square_5x5_dogpile, minmay_the_grid_square_5x5_corner,
          minmay_the_grid_square_5x5_two_small,
          minmay_the_grid_square_5x5_percent], layout_loops_ring,
          amcnicky_altar_gilded

Skill      XL: |  1  2  3  4  5  6  7  8  9 10 |
---------------+-------------------------------+-----
Invocations    | 1 2 3 4 5 6 |  6.4
Short Blades   | 1 2 3 5 |  5.8
Long Blades    | 1 2 3 5 |  5.8
Maces & Flails | 1 2 3 5 |  5.8
Polearms       | 1 2 3 5 |  5.8
Staves         | 1 2 3 5 |  5.8
Ranged Weapons | 1 2 3 5 |  5.8
Throwing       | 1 2 3 5 |  5.8
Stealth        | 1 2 3 5 |  5.8
Shields        | 1 2 3 5 |  5.8
Unarmed Combat | 1 2 3 5 |  5.8
Spellcasting   | 1 2 3 5 |  5.8
Evocations     | 1 2 3 5 |  5.8
Shapeshifting  | 1 2 3 4 5 |  5.3
Conjurations   | 1 2 3 4 |  4.8
Hexes          | 1 2 3 4 |  4.8
Summonings     | 1 2 3 4 |  4.8
Necromancy     | 1 2 3 4 |  4.8
Translocations | 1 2 3 4 |  4.8
Fire Magic     | 1 2 3 4 |  4.8
Ice Magic      | 1 2 3 4 |  4.8
Air Magic      | 1 2 3 4 |  4.8
Earth Magic    | 1 2 3 4 |  4.8
Alchemy        | 1 2 3 4 |  4.8
Armour         | 5 6 7 |  7.5
Dodging        | 5 6 7 |  7.5
Fighting       | 7 8 9 |  9.8
Axes           | 7 8 |  8.9

Action                     |  1- 3 |  4- 6 |  7- 9 | 10-12 || total
---------------------------+-------+-------+-------+-------++-------
  Melee: Hand axe          |    74 |   245 |     4 |       ||   323
         Bite              |     4 |    26 |    34 |    13 ||    77
         Punch             |     3 |     9 |     6 |       ||    18
         Dagger            |       |       |    77 |       ||    77
         War axe           |       |       |   149 |    87 ||   236
 Invoke: Berserk           |     1 |     2 |     7 |     2 ||    12
         Trog's Hand       |       |     1 |     2 |     4 ||     7
  Evoke: Wand              |       |       |       |     3 ||     3
    Use: Scroll            |       |       |    14 |       ||    14
         Potion            |       |       |       |     3 ||     3
   Stab: Invisible         |       |       |       |     3 ||     3
 Armour: Animal skin       |    18 |       |       |       ||    18
         Scale mail        |    39 |    64 |       |       ||   103
         Chain mail        |       |   119 |    12 |       ||   131
         Plate armour      |       |       |   247 |   142 ||   389
  Dodge: Dodged            |    37 |   124 |   127 |    62 ||   350
  Block: Buckler           |       |       |    18 |    36 ||    54

Table legend: (Time is in decaauts)
 A = Elapsed time spent in this place.
 B = Non-inter-level travel time spent in this place.
 C = Inter-level travel time spent in this place.
 D = Time resting spent in this place.
 E = Time spent auto-exploring this place.
 F = Levels seen in this place.
 G = Mean time per level.
                   A        B        C        D        E       F      G
               +--------+--------+--------+--------+--------+-----+--------+
         Total |   7070 |   6557 |    513 |    552 |   4698 |   8 |  883.8 |
       Dungeon |   7070 |   6557 |    513 |    552 |   4698 |   8 |  883.8 |
               +--------+--------+--------+--------+--------+-----+--------+

Top non-repeatable levels by time:
     D:7: 1605 daAuts
     D:4: 1238 daAuts
     D:6: 948 daAuts
     D:3: 934 daAuts
     D:5: 790 daAuts
     D:1: 640 daAuts
     D:2: 580 daAuts
     D:8: 332 daAuts
